 Dungeon Sprint DCSS version 0.28-a0-1429-gf3d713df7a (webtiles) character file.

Game seed: 4151681385668468391

4 eustatius the Ducker (level 1, -14/22 HPs)
             Began as a Troll Fighter on Jan 8, 2022.
             Demolished by an ogre (20 damage)
             ... in the Dungeon (Sprint IX: "|||||||||||||||||||||||||||||").
             The game lasted 00:00:07 (24 turns).

eustatius the Ducker (Troll Fighter)                  Turns: 24, Time: 00:00:08

Health: -14/22     AC:  4    Str: 23    XL:     1   Next: 58%
Magic:  0/0        EV:  8    Int:  4    God:
Gold:   0          SH:  7    Dex:  9    Spells: 0/0 levels left

rFire   . . .      SeeInvis .     - Unarmed
rCold   . . .      Faith    .   b - +0 kite shield
rNeg    . . .      Spirit   .   a - +0 robe
rPois   .          Reflect  .   (helmet restricted)
rElec   .          Harm     .   (no cloak)
rCorr   .          Rampage  .   (gloves unavailable)
Will    .....      NoTele   +   (boots unavailable)
Stlth   +.........              (no amulet)
HPRegen 0.87/turn               (no ring)
MPRegen 0.07/turn               (no ring)

@: no status effects
A: large, unfitting armour, claws 3, regeneration 1, shaggy fur 1, tough skin 1
a: no special abilities


You were in the Dungeon.
You visited 1 branch

Inventory:

Armour
 a - a +0 robe (worn)
 b - a +0 kite shield (worn)
Scrolls
 i - a scroll of blinking
Potions
 c - a potion of might
 d - a potion of curing
 e - a potion of heal wounds
 f - a potion of haste
 g - 2 potions of magic
 h - a potion of berserk rage


   Skills:
 + Level 2.8 Fighting
 + Level 2.8 Dodging
 + Level 2.8 Shields
 + Level 2.2 Unarmed Combat


You couldn't memorise any spells.
You didn't know any spells.
Your spell library was empty.

Dungeon Overview and Level Annotations

Branches:
Dungeon (1/1)

Altars:


Innate Abilities, Weirdness & Mutations

You are too large for most types of armour.
You have claws for hands.
Your natural rate of healing is unusually fast.
You are covered in fur. (AC +1)
You have tough skin. (AC +1)


Message History

You open the door.
A bat, 2 rats, a giant cockroach and a goblin come into view.
The goblin shouts!
The bat hits you but does no damage.
There is an open door to the Dungeon here.
You claw the bat!
You kill the bat!
You claw the rat!
You kill the rat!
The rat closely misses you.
You see here a rat corpse.
You closely miss the rat. The rat bites you but does no damage.
You barely miss the rat. The rat bites you but does no damage.
You scratch the rat but do no damage. The rat bites you.
You barely miss the rat. The rat bites you but does no damage.
You closely miss the rat. The rat barely misses you.
You completely miss the rat. The rat barely misses you.
You claw the rat!
You kill the rat!
You block the giant cockroach's attack.
You scratch the giant cockroach but do no damage.
The giant cockroach bites you.
You claw the giant cockroach!
You kill the giant cockroach!
You claw the goblin!
You kill the goblin!
Items here: ) †††.
You open the door.
A quokka, a hound, a gnoll sergeant, an orc and an ogre come into view.
The ogre shouts!
The orc shouts!
The hound barks!
You scratch the ogre.
The ogre is lightly wounded.
The ogre hits you with a +0 giant club!
Ouch! That really hurt!
* * * LOW HITPOINT WARNING * * *
You barely miss the ogre.
The ogre is lightly wounded.
The ogre hits you with a +0 giant club!!
Ouch! That really hurt!
You die...

▓.▓
▓.▓
▓.▓
▓'▓
▓†▓
▓)▓
▓.▓
▓.▓
▓@▓
▓O▓
▓r▓
▓o▓
▓h▓
▓g▓
▓.▓
▓+▓


You could see an ogre, a gnoll sergeant, a hound, an orc and a quokka.

Vanquished Creatures
  A giant cockroach (D)
  A goblin (D)
  A bat (D)
  2 rats (D)
5 creatures vanquished.

Notes
Turn   | Place    | Note
-------+----------+-------------------------------------------
     0 | D        | eustatius the Troll Fighter began the quest for the Orb.
     0 | D        | Reached XP level 1. HP: 22/22 MP: 0/0
     1 | D        | Banished a spatial maelstrom
    22 | D        | Noticed an ogre
    22 | D        | Noticed a hound
    22 | D        | Noticed a gnoll sergeant
    24 | D        | Demolished by an ogre

Illustrated notes

Levels and vault maps discovered:
D:        linesprint [early_d, line_temple, items_1, d_10, items_2, lair_1,
          lair_end, items_3, orc_1, orc_end, items_4, d_15, swamp_1, shoals_1,
          snake_1, spider_1, d_20, vaults_1, items_5, swamp_end, shoals_end,
          snake_end, spider_end, vaults_end, d_27, items_6, zot_1, zot_end,
          crypt_end, forest_end, elf_end, slime_end, tomb_end, abyss_end,
          pan_hell_end]

Action                   || total
-------------------------++-------
Melee: Unarmed           ||    14
Armor: Robe              ||     4
Dodge: Dodged            ||     3
Block: Kite shield       ||     1

Table legend: (Time is in decaauts)
 A = Elapsed time spent in this place.
 B = Non-inter-level travel time spent in this place.
 C = Inter-level travel time spent in this place.
 D = Time resting spent in this place.
 E = Time spent auto-exploring this place.
 F = Levels seen in this place.
 G = Mean time per level.
                   A        B        C        D        E       F      G
               +--------+--------+--------+--------+--------+-----+--------+
         Total |     25 |     22 |      3 |      0 |      0 |   1 |   25.0 |
       Dungeon |     25 |     22 |      3 |      0 |      0 |   1 |   25.0 |
               +--------+--------+--------+--------+--------+-----+--------+

Top non-repeatable levels by time:
       D: 25 daAuts
